Map: Blackpink LE

Players

ZeraSabre

  • Race: Protoss Protoss
  • League: Diamond
  • Spawn Location: 7:00

Bourbond - Winner!

  • Race: Terran Terran
  • League: Master
  • Spawn Location: 1:00

VOD

Have the link to the VOD?

Description

Time

  • Played on: Dec. 25, 2017, 2:26 p.m.
  • Length: 13:17
Show
View Real Time Build Order
Export as new Build Order

ZeraSabre Protoss 

Build Orders:  

Get SALT Encoding   

  12  0:01  Probe (Chrono Boost)  
  13  0:11  Probe (Chrono Boost)  
  14  0:20  Pylon  
  14  0:22  Probe  
  15  0:38  Probe  
  15  0:42  Gateway  
  16  0:50  Probe  
  17  0:58  Assimilator  
  17  1:02  Probe  
  18  1:08  Pylon  
  18  1:13  Assimilator  
  18  1:14  Probe (Chrono Boost)  
  20  1:25  Probe (Chrono Boost)  
  20  1:30  Cybernetics Core, Probe (Chrono Boost)  
  21  1:40  Probe  
  22  1:52  Probe  
  23  2:05  Probe  
  23  2:08  Warp Gate, Stalker  
  26  2:09  Robotics Facility  
  26  2:17  Probe  
  26  2:19  Shield Battery  
  26  2:38  Nexus  
  26  2:52  Robotics Facility  
  26  3:01  Twilight Council  
  26  3:18  Immortal  
  30  3:35  Pylon  
  30  3:50  Immortal, Stalker  
  30  3:51  Probe  
  37  3:58  Probe (Chrono Boost)  
  38  4:04  Shield Battery, Probe (Chrono Boost)  
  40  4:10  Probe (Chrono Boost)  
  40  4:21  Immortal  
  41  4:39  Probe x2 (Chrono Boost)  
  41  4:44  Immortal  
  47  4:48  Probe (Chrono Boost)  
  47  4:49  Probe (Chrono Boost)  
  49  4:53  Probe (Chrono Boost)  
  49  4:59  Templar Archives  
  50  5:00  Observer  
  50  5:06  Stalker  
  53  5:15  Probe  
  53  5:19  Pylon x2  
  54  5:23  Pylon  
  54  5:37  Probe  
  55  5:44  Immortal  
  55  5:45  Adept  
  55  5:48  Probe  
  55  5:49  Probe  
  63  5:50  Assimilator  
  63  5:59  Immortal  
  63  6:01  Probe (Chrono Boost)  
  63  6:02  Probe (Chrono Boost)  
  69  6:11  Pylon  
  69  6:13  Shield Battery  
  69  6:16  Pylon  
  69  6:17  Probe (Chrono Boost)  
  60  6:42  Immortal x2  
  64  7:10  Adept  
  64  7:13  Probe x2  
  68  7:16  Assimilator  
  68  7:17  Robotics Facility  
  68  7:21  Immortal x2  
  76  7:25  Probe  
  76  7:27  Probe  
  78  7:37  Probe  
  72  8:02  Stargate  
  72  8:05  Stargate  
  72  8:11  Immortal  
  76  8:20  Assimilator  
  76  8:22  Assimilator  
  75  8:29  Immortal x2  
  83  8:38  Nexus  
  83  8:40  Probe x2  
  85  8:44  Forge  
  75  9:11  Phoenix x2  
  75  9:13  Probe x2  
  81  9:26  Probe x2  
  83  9:38  Phoenix, Probe x2  
  87  9:49  Pylon  
  87  9:50  Probe x2  
  89  9:54  Pylon  
  90  10:01  Probe (Chrono Boost)  
  90  10:02  Probe x2 (Chrono Boost)  
  92  10:11  Pylon  
  92  10:12  Probe x2 (Chrono Boost)  
  92  10:13  Probe (Chrono Boost)  
  95  10:18  Photon Cannon  
  95  10:28  Stargate  
  95  10:29  Probe x2  
  95  10:30  Probe  
  98  10:37  Phoenix  
  98  10:41  Probe  
  98  10:42  Phoenix  
  103  10:44  Probe  
  104  10:57  Photon Cannon  
  104  11:00  Photon Cannon  
  104  11:04  Phoenix  
  106  11:07  Phoenix  
  107  11:13  Immortal  
  69  11:30  Void Ray, Immortal  
  75  11:40  Phoenix x2  
  66  11:59  Immortal  
  70  12:04  Void Ray  
  74  12:17  Immortal x2  
  82  12:38  Immortal  
Show
View Real Time Build Order
Export as new Build Order

Bourbond Terran - Winner!

Build Orders: Cyclone Opening, Mech 

Get SALT Encoding   

  12  0:01  SCV  
  13  0:13  SCV  
  14  0:17  Supply Depot  
  14  0:25  SCV  
  15  0:29  Refinery  
  15  0:39  SCV  
  16  0:45  Barracks  
  16  0:51  SCV  
  17  1:03  SCV  
  18  1:15  SCV  
  19  1:32  Reaper, Orbital Command  
  20  1:47  Command Center  
  20  1:59  Factory  
  20  2:02  SCV  
  20  2:07  Barracks Reactor  
  21  2:14  Refinery  
  21  2:15  SCV  
  22  2:27  Supply Depot, SCV  
  23  2:48  SCV  
  24  2:54  Cyclone  
  27  3:00  Orbital Command, SCV  
  27  3:02  Cyclone  
  31  3:12  SCV  
  32  3:19  Starport  
  32  3:24  SCV  
  32  3:27  Hellion  
  35  3:28  SCV  
  35  3:33  Barracks Tech Lab  
  36  3:34  Hellion  
  36  3:37  SCV  
  39  3:41  Supply Depot  
  39  3:44  SCV  
  40  3:51  SCV  
  41  3:56  Viking  
  41  3:58  SCV  
  44  4:03  SCV  
  44  4:04  Cyclone  
  48  4:10  Supply Depot, SCV  
  48  4:14  Supply Depot  
  48  4:15  SCV  
  48  4:16  Widow Mine  
  52  4:22  SCV  
  53  4:29  SCV  
  52  4:35  SCV  
  51  4:41  SCV  
  51  4:44  Command Center  
  52  4:48  SCV  
  52  4:51  Starport Tech Lab  
  53  4:54  Factory, SCV  
  53  4:56  Factory  
  53  4:57  Refinery x2  
  54  5:00  SCV  
  54  5:04  Siege Tank  
  58  5:07  SCV  
  58  5:12  SCV  
  60  5:14  Barracks Reactor  
  60  5:17  Liberator  
  60  5:19  SCV  
  61  5:24  SCV  
  62  5:31  SCV  
  66  5:36  SCV  
  67  5:43  SCV  
  67  5:48  Hellion  
  70  5:54  Supply Depot, Siege Tank, Hellion  
  70  5:56  Supply Depot  
  75  6:03  SCV  
  76  6:08  Orbital Command  
  76  6:09  Siege Tank  
  76  6:10  Hellion  
  81  6:13  SCV  
  81  6:15  SCV  
  81  6:17  Supply Depot  
  83  6:19  Engineering Bay  
  83  6:20  Armory  
  81  6:26  Siege Tank  
  81  6:27  Orbital Command  
  73  6:49  Siege Tank  
  73  6:50  Hellion x2  
  73  6:51  SCV x2  
  74  7:03  SCV  
  74  7:04  Refinery  
  72  7:12  SCV x2  
  72  7:15  SCV  
  75  7:18  Factory  
  75  7:20  Factory  
  75  7:25  Terran Vehicle Weapons Level 1  
  75  7:26  SCV  
  75  7:27  SCV  
  77  7:31  Missile Turret x2  
  77  7:34  SCV  
  78  7:39  Missile Turret, SCV  
  78  7:40  SCV  
  78  7:41  Barracks Tech Lab  
  74  7:56  Orbital Command  
  74  7:57  SCV  
  74  8:10  SCV  
  74  8:11  Missile Turret, SCV  
  74  8:12  Refinery  
  76  8:13  Factory Reactor  
  76  8:14  Siege Tank x2, Refinery  
  76  8:18  Siege Tank  
  85  8:24  SCV  
  85  8:26  SCV x2  
  88  8:36  SCV  
  88  8:40  SCV  
  90  8:46  Siege Tank  
  93  8:53  SCV x2  
  95  8:56  SCV  
  96  9:05  SCV x2  
  96  9:08  SCV  
  93  9:15  Siege Tank x2, Hellion x2  
  93  9:16  Hellion x2  
  107  9:17  SCV x2  
  107  9:18  Infernal Pre-Igniter  
  107  9:20  Terran Vehicle And Ship Armor Level 1  
  107  9:21  Missile Turret, Sensor Tower  
  109  9:24  SCV  
  109  9:26  Armory  
  109  9:28  Command Center  
  109  9:29  Supply Depot x2, SCV x2  
  112  9:46  Siege Tank  
  112  9:47  Hellion  
  112  9:51  Viking, Supply Depot, Siege Tank, Hellion x3  
  128  9:52  Supply Depot  
  128  9:53  Siege Tank  
  128  9:56  SCV x2  
  133  10:13  Missile Turret, SCV x2  
  135  10:15  Missile Turret  
  135  10:16  Missile Turret x2  
  135  10:17  Missile Turret x3  
  135  10:20  Terran Vehicle Weapons Level 2  
  135  10:21  Supply Depot  
  135  10:23  Siege Tank  
  135  10:26  Hellion  
  140  10:32  Siege Tank  
  140  10:33  Siege Tank  
  146  10:36  Smart Servos  
  146  10:39  Hellion  
  146  10:40  Hellion  
  150  10:47  Hellion  
  150  10:48  Hellion  
  154  10:54  Missile Turret  
  154  10:55  Siege Tank  
  154  10:56  Missile Turret x2  
  157  11:05  Siege Tank  
  157  11:06  Siege Tank, Hellion x2  
  157  11:10  Supply Depot  
  143  11:33  Thor  
  143  11:35  Hellion x4  
  143  11:37  Thor  
  155  11:50  Siege Tank  
  155  11:56  Hellion  
  148  12:13  Cyclone  
  148  12:16  Thor  
  148  12:20  Thor  
  148  12:22  Supply Depot  
  160  12:24  Supply Depot  
  160  12:26  Refinery  
  160  12:27  Thor  
  163  12:51  Missile Turret  
  159  12:55  Missile Turret  
  157  13:00  Missile Turret x2  
  169  13:14  Supply Depot  
Tags
 
Composition
Mech
Matchup
PvT
Replay Pack
zielreplay
Spawn Locations
Cross Positions
Add a new tag
Caveats
  • Supply blocks, unpowered buildings, or Contaminate may cause inaccurate times.
  • Supply counts are checked every 10 seconds.